 Dungeon Crawl Stone Soup version 0.25-a0-339-gb37b713d4c (webtiles) character file.

Game seed: 15110260224196383015, levelgen mode: classic

296 EnegeticOcto the Gusty (level 6, -2/42 HPs)
             Began as a Mummy Venom Mage on Dec 28, 2019.
             Was an Initiate of Ashenzari.
             Slain by a river rat (3 damage)
             ... in a sewer.
             The game lasted 00:07:52 (3590 turns).

EnegeticOcto the Gusty (Mummy Venom Mage)           Turns: 3590, Time: 00:07:52

Health: -2/42      AC:  3    Str: 12    XL:     6   Next: 12%
Magic:  0/10       EV: 12    Int: 21    God:    Ashenzari [......]
Gold:   98         SH:  0    Dex: 12    Spells: 5/11 levels left

rFire    x . .     SeeInvis .   g - -1 dagger (curse)
rCold    + . .     Gourm    .   (no shield)
rNeg     + + +     Faith    .   a - +0 robe
rPois    ∞         Spirit   .   (no helmet)
rElec    .         Reflect  .   (no cloak)
rCorr    .         Harm     .   f - +0 pair of gloves
MR       .....                  (no boots)
Stlth    ++........             (no amulet)
HPRegen  0.14/turn              e - +5 ring of intelligence (curse)
MPRegen  0.12/turn              (no ring)

@: no status effects
A: no food or potions, fire vulnerability, cold resistance 1, negative energy
resistance 3, torment resistance, unbreathing
a: Curse Item, Renounce Religion


You were in a sewer.
You worshipped Ashenzari.
Ashenzari was noncommittal.
You were not hungry.

You visited 2 branches of the dungeon, and saw 6 of its levels.
You also visited: Sewer.

You collected 98 gold pieces.

Inventory:

Hand Weapons
 g - a cursed -1 dagger (weapon)
Armour
 a - a +0 robe (worn)
 d - a +0 shield
 f - a +0 pair of gloves (worn)
Jewellery
 e - a cursed +5 ring of intelligence (left hand)
Scrolls
 b - 2 scrolls of fog {!r}
 c - a scroll of identify {@r1}
 h - a scroll of teleportation {@r3 !r}


   Skills:
 + Level 0.5 Fighting
 - Level 1.5 Dodging
 - Level 3.0 Stealth
 - Level 3.0 Spellcasting
 + Level 0.3 Conjurations
 - Level 0.7 Transmutations
 - Level 3.7 Air Magic
 - Level 3.0 Poison Magic


You had 5 spell levels left.
You knew the following spells:

 Your Spells              Type           Power        Failure   Level  Hunger
a - Sting                 Tmut/Pois      ##..         6%          1    N/A
b - Poisonous Vapours     Pois/Air       ###...       4%          2    N/A
c - Mephitic Cloud        Conj/Pois/Air  ##......     16%         3    N/A

Your spell library contained the following spells:

 Spells                   Type           Power        Failure   Level  Hunger
 Ignite Poison            Fire/Tmut/Pois #.......     24%         3    N/A
 Olgreb's Toxic Radiance  Pois           ###.....     36%         4    N/A

Dungeon Overview and Level Annotations

Branches:
Dungeon (5/15)             Temple (1/1) D:5           Sewer (1/1)

Altars:
Ashenzari
Cheibriados
Dithmenos
Elyvilon
Fedhas
Gozag
Hepliaklqana
Kikubaaqudgha
Makhleb
Nemelex Xobeh
Okawaru
Qazlal
Ru
Sif Muna
Trog
Uskayaw
Wu Jian
Xom
Yredelemnul
Zin
The Shining One

Annotations:
D:5 Edmund


Innate Abilities, Weirdness & Mutations

You do not eat or drink.
Your flesh is vulnerable to fire.
You are immune to poison.
Your flesh is cold resistant. (rC+)
You are immune to negative energy. (rN+++)
You are immune to unholy pain and torment.
You can survive without breathing.


Message History

Casting: Sting (safe; 6% risk of failure)
Confirm with . or Enter, or press ? or * to list all spells.
Aiming: Sting (safe; 6% risk of failure)
Press: ? - help, Shift-Dir - straight line, f - leopard gecko
Aim: a leopard gecko (heavily wounded)
The sting misses the leopard gecko.
The leopard gecko bites you.
You closely miss the leopard gecko.
The leopard gecko is heavily wounded.
The leopard gecko bites you.
You closely miss the leopard gecko.
The leopard gecko is heavily wounded.
The leopard gecko bites you but does no damage.
The leopard gecko misses you.
You hit the leopard gecko.
You kill the leopard gecko!
You see here a leopard gecko corpse.
You enter the shallow water.
Moving in this stuff is going to be slow.
Your magical contamination has completely faded away.
A giant cockroach comes into view.
There is a glowing drain here.
Casting: Sting (safe; 6% risk of failure)
Confirm with . or Enter, or press ? or * to list all spells.
Aiming: Sting (safe; 6% risk of failure)
Press: ? - help, Shift-Dir - straight line, f - giant cockroach
Aim: a giant cockroach (hasn't noticed you)
The sting hits the giant cockroach but does no damage.
The giant cockroach is poisoned.
You kill the giant cockroach!
A leopard gecko comes into view.
The leopard gecko moves out of view.
There is a glowing drain here.
You start resting.
You hear the slow rusting of a drain.
You hear the slow hiss of a very distant avalanche of sand.
The world spins around you as you enter the gateway.
You enter a sewer! 2 river rats come into view.
Found a gate leading back out of this place.
There is an empty arch of ancient stone here.
The helpless river rat fails to defend itself.
You hit the river rat.
The river rat is heavily wounded.
The river rat completely misses you.
There is an empty arch of ancient stone here.
Casting: Sting (safe; 6% risk of failure)
Confirm with . or Enter, or press ? or * to list all spells.
Aiming: Poisonous Vapours (safe; 4% risk of failure)
Press: ? - help, Dir - move target cursor, f - river rat
Aim: a river rat (heavily wounded) Poisonous vapours surround the river rat!
The river rat is poisoned.
The river rat bites you!
There is a gate leading back out of this place here.
You barely miss the river rat.
The river rat is severely wounded.
The river rat completely misses you.
You barely miss the river rat.
The river rat is severely wounded.
The river rat bites you.
* * * LOW HITPOINT WARNING * * *
Okay, then.
You can't drink.
Casting: Poisonous Vapours (safe; 4% risk of failure)
Confirm with . or Enter, or press ? or * to list all spells.
Aiming: Sting (safe; 6% risk of failure)
Press: ? - help, Shift-Dir - straight line, f/p - river rat
Aim: a river rat (severely wounded, poisoned)
The sting hits the river rat but does no damage.
The river rat looks even sicker.
The river rat is severely wounded.
The river rat bites you.
* * * LOW HITPOINT WARNING * * *
You hit the river rat but do no damage.
The river rat is severely wounded.
The river rat barely misses you.
You hit the river rat but do no damage.
The river rat is severely wounded.
The river rat barely misses you.
Casting: Sting (safe; 6% risk of failure)
Confirm with . or Enter, or press ? or * to list all spells.
Aiming: Sting (safe; 6% risk of failure)
Press: ? - help, Shift-Dir - straight line, f/p - river rat
Aim: a river rat (almost dead, poisoned)
The sting hits the river rat.
The river rat looks even sicker.
You kill the river rat!
You closely miss the river rat. The river rat bites you.
* * * LOW HITPOINT WARNING * * *
You closely miss the river rat. The river rat bites you.
* * * LOW HITPOINT WARNING * * *
Casting: Sting (safe; 6% risk of failure)
Confirm with . or Enter, or press ? or * to list all spells.
You don't have enough magic to cast that spell.
You hit the river rat.
The river rat is lightly wounded.
The river rat bites you.
* * * LOW HITPOINT WARNING * * *
You hit the river rat but do no damage.
The river rat is lightly wounded.
The river rat bites you.
You die... ################ ≈≈......∩.∩..r@# ################

You could see a river rat.

Vanquished Creatures
  Sigmund (D:5)
  5 adders
  A river rat (Sewer)
  A dart slug (D:2)
  7 leopard geckos
  An orc (D:3)
  3 giant cockroaches (D:4)
  9 goblins
  5 hobgoblins
  4 jackals (D:1)
  2 quokkas
  12 bats
  A frilled lizard (D:2)
  8 kobolds
  13 rats
73 creatures vanquished.

Notes
Turn   | Place    | Note
-------+----------+-------------------------------------------
     0 | D:1      | EnegeticOcto the Mummy Venom Mage began the quest for the
                  | Orb.
     0 | D:1      | Reached XP level 1. HP: 13/13 MP: 4/4
   346 | D:1      | Reached XP level 2. HP: 19/19 MP: 0/6
   418 | D:1      | Learned a level 2 spell: Poisonous Vapours
  1330 | D:2      | Reached XP level 3. HP: 17/24 MP: 1/7
  1511 | D:2      | You fall into a shaft and drop 1 floor!
  1796 | D:2      | Learned a level 3 spell: Mephitic Cloud
  1950 | D:2      | Reached XP level 4. HP: 29/30 MP: 0/8
  1950 | D:2      | Reached skill level 1 in Air Magic
  2389 | D:3      | Found a faded altar of an unknown god.
  2895 | D:3      | You fall into a shaft and drop 2 floors!
  2895 | D:5      | Entered Level 5 of the Dungeon
  2896 | D:5      | Noticed Edmund
  2922 | D:5      | Noticed Sigmund
  2957 | D:5      | Killed Sigmund
  2957 | D:5      | Reached XP level 5. HP: 8/35 MP: 1/9
  2957 | D:5      | Reached XP level 6. HP: 9/41 MP: 1/10
  3223 | D:5      | Found a staircase to the Ecumenical Temple.
  3232 | Temple   | Entered the Ecumenical Temple
  3428 | Temple   | Became a worshipper of Ashenzari the Shackled
  3533 | D:4      | Found a glowing drain.
  3570 | Sewer    | Entered a sewer
  3589 | Sewer    | HP: 1/42 [river rat (2)]
  3590 | Sewer    | Slain by a river rat

Levels and vault maps discovered:
D:1:      dpeg_arrival_refuge, layout_loops_ring, st_stairs_14
D:2:      layout_rooms, first_ration
D:3:      layout_basic, chequers_ecumenical_altar_simple_redux,
          nicolae_underground_beach
D:4:      minmay_octagon_keep, layout_cave_pods, gup_sewer_entry_pipe,
          serial_shops, shop_fountains, enter_ossuary_5,
          hangedman_abyss_or_decor_jellyfish_corner
D:5:      layout_basic, vehumet_altar_wand_db, lemuel_temple_firewalk_b,
          serial_shops, nicolae_shop_trees, uniq_sigmund, uniq_edmund,
          uniq_pikel, uniq_prince_ribbit1, uniq_menkaure
Temple:   roderic_octagonal_lattice_temple
Sewer:    sewer_kobolds

Skill      XL: |  1  2  3  4 |
---------------+-------------+-----
Spellcasting   | 3 |  3.0
Stealth        | 2 3 |  3.0
Poison Magic   | 3 |  3.0
Air Magic      | 3 |  3.7
Fighting       | |  0.5
Dodging        | |  1.5
Conjurations   | |  0.3
Transmutations | |  0.7

Action                   |  1- 3 |  4- 6 || total
-------------------------+-------+-------++-------
Melee: Dagger            |    29 |    40 ||    69
 Cast: Sting             |    72 |    25 ||    97
       Poisonous Vapours |    10 |    20 ||    30
Invok: Curse Item        |       |     1 ||     1
  Use: Scroll            |     2 |     2 ||     4
 Stab: Sleeping          |       |     1 ||     1
Armor: Robe              |    26 |     9 ||    35
Dodge: Dodged            |    58 |    26 ||    84

Table legend:
 A = Non-vault XP
 B = Vault XP
 C = Vault XP percentage of total XP
 D = Non-vault monster count
 E = Vault monster count
 F = Vault count percentage of total count
                 A         B        C        D         E       F
            +---------+---------+-------+---------+---------+-------
      Total |     157 |     266 |  62.9 |      61 |      12 |  16.4
            +---------+---------+-------+---------+---------+-------
        D:1 |      30 |       2 |   6.2 |      21 |       1 |   4.5
        D:2 |      87 |       0 |   0.0 |      24 |       0 |   0.0
        D:3 |      40 |       0 |   0.0 |      16 |       0 |   0.0
        D:4 |       0 |      24 | 100.0 |       0 |       9 | 100.0
        D:5 |       0 |     227 | 100.0 |       0 |       1 | 100.0
      Sewer |       0 |      13 | 100.0 |       0 |       1 | 100.0
            +---------+---------+-------+---------+---------+-------
